 Dungeon Crawl Stone Soup version 0.30-a0-347-gf58ed5266c (webtiles) character file.

Game seed: 16431255467983208501

152359 Pooter the Executioner (level 17, -9/157 HPs)
             Began as a Minotaur Berserker on Nov 4, 2022.
             Was a High Priest of Trog.
             Shot with an arrow by a deep elf archer (24 damage)
             ... on level 3 of the Elven Halls on Nov 6, 2022.
             The game lasted 03:08:09 (38351 turns).

Pooter the Executioner (Minotaur Berserker)        Turns: 38351, Time: 03:08:09

Health: -9/157     AC: 11    Str: 31    XL:     17   Next: 2%
Magic:  16/16      EV: 12    Int: 14    God:    Trog [*****.]
Gold:   1336       SH:  5    Dex: 17    Spells: 16/16 levels left

rFire   . . .      SeeInvis +    a - +3 executioner's axe (flame)
rCold   + . .      Faith    .    (shield currently unavailable)
rNeg    + + +      Spirit   .    W - +2 ring mail of Simpel {rN+++ Str-3 Int+4}
rPois   .          Reflect  +    (helmet restricted)
rElec   +          Harm     .    y - scarf {repulsion}
rCorr   .          Rampage  .    N - +1 pair of gloves {Str+3}
Will    +....      Clarity  +    (no boots)
Stlth   ..........               R - amulet of reflection
HPRegen 0.46/turn                I - ring of Tomuebb {rC+ Dex+5}
MPRegen 0.15/turn                d - ring "Jiedgh" {rElec Str+7 SInv Stlth-}

@: studying Ranged Weapons, repel missiles
A: horns 2, retaliatory headbutt, clarity, clever 1, sense surroundings 1
a: Renounce Religion, Berserk, Trog's Hand, Brothers in Arms


You were on level 3 of the Elven Halls.
You worshipped Trog.
Trog was extremely pleased with you.
You visited 4 branches of the dungeon, and saw 25 of its levels.
You visited 1 bazaar.
You also visited: Gauntlet and Volcano.

You collected 3051 gold pieces.
You spent 1715 gold pieces at shops.

Inventory:

Hand Weapons
 a - a +3 executioner's axe of flaming (weapon)
   (You found it in a volcano)
 b - the +0 arbalest of Growth {penet, rF+}
   (You bought it in a shop in a bazaar)

   Any ammunition fired by it passes through the targets it hits, potentially
   hitting all targets in its path until it reaches maximum range.
   rF:        It protects you from fire.
 M - the +9 mace of Wioddov {holy, rN+ Will+ Dex+5}
   (You took it off a human on level 13 of the Dungeon)

   It has been blessed by the Shining One to cause great damage to the undead
   and demons.
   Dex:       It affects your dexterity (+5).
   rN:        It protects you from negative energy.
   Will:      It increases your willpower.
Missiles
 q - 4 datura-tipped darts
 v - 4 silver javelins
 z - 4 atropa-tipped darts
 G - 5 curare-tipped darts
 X - 7 javelins
 Y - 31 boomerangs (quivered)
Armour
 u - the +3 plate armour of the Marlin {-Cast Str+6}
   (You found it on level 15 of the Dungeon)

   Str:       It affects your strength (+6).
   -Cast:     It prevents spellcasting.
 y - a scarf of repulsion (worn)
   (You found it on level 15 of the Dungeon)
 C - a +5 plate armour of poison resistance
   (You took it off an orc warrior on level 2 of the Orcish Mines)
 L - a +3 plate armour of fire resistance
   (You found it in a volcano)
 N - a +1 pair of gloves of strength (worn)
   (You bought it in a shop in a bazaar)
 W - the +2 ring mail of Simpel (worn) {rN+++ Str-3 Int+4}
   (You found it on level 9 of the Dungeon)

   Str:       It affects your strength (-3).
   Int:       It affects your intelligence (+4).
   rN:        It renders you almost immune to negative energy.
Jewellery
 d - the ring "Jiedgh" (right hand) {rElec Str+7 SInv Stlth-}
   (You found it in a Gauntlet)

   [ring of see invisible]

   Str:       It affects your strength (+7).
   rElec:     It insulates you from electricity.
   SInv:      It lets you see invisible.
   Stlth:     It makes you less stealthy.
 l - a ring of flight
   (You found it on level 1 of the Dungeon)
 A - the ring of Uguprigh {rN+ rCorr Int+4}
   (You took it off an ogre mage on level 14 of the Dungeon)

   [ring of positive energy]

   Int:       It affects your intelligence (+4).
   rN:        It protects you from negative energy.
   rCorr:     It protects you from acid and corrosion.
 E - a +4 ring of evasion
   (You found it on level 15 of the Dungeon)
 F - a ring of protection from fire
   (You found it on level 3 of the Dungeon)
 I - the ring of Tomuebb (left hand) {rC+ Dex+5}
   (You found it on level 14 of the Dungeon)

   [ring of protection from cold]

   Dex:       It affects your dexterity (+5).
   rC:        It protects you from cold.
 K - the amulet of Ephemeral Luck {Acrobat Fly rCorr Str+7 Dex-5}
   (You found it on level 15 of the Dungeon)

   [amulet of the acrobat]

   It increases your evasion while moving and waiting.
   Str:       It affects your strength (+7).
   Dex:       It affects your dexterity (-5).
   Fly:       It grants you flight.
   rCorr:     It protects you from acid and corrosion.
 P - the ring "Eguseh" {AC+4 Str+3}
   (You found it on level 14 of the Dungeon)

   [ring of protection]

   AC:        It affects your AC (+4).
   Str:       It affects your strength (+3).
 R - an amulet of reflection (around neck)
   (You found it on level 4 of the Dungeon)
 S - a ring of see invisible
   (You found it on level 2 of the Elven Halls)
Wands
 f - a wand of flame (23)
   (You found it on level 8 of the Dungeon)
 k - a wand of polymorph (21)
   (You took it off Erolcha on level 10 of the Dungeon)
 D - a wand of digging (11)
   (You found it on level 8 of the Dungeon)
 O - a wand of charming (9)
   (You found it on level 1 of the Lair of Beasts)
 U - a wand of roots (19)
   (You found it on level 6 of the Dungeon)
 V - a wand of mindburst (9)
   (You found it on level 2 of the Lair of Beasts)
Scrolls
 c - 12 scrolls of butterflies
 g - 3 scrolls of noise {!r}
 h - 6 scrolls of fear
 i - 5 scrolls of identify {@r1}
 p - 3 scrolls of poison {!r}
 t - 8 scrolls of teleportation {@r4}
 w - 5 scrolls of magic mapping
 x - a scroll of blinking
 B - 3 scrolls of silence
 T - a scroll of summoning
Potions
 e - 11 potions of heal wounds {@q2}
 j - 4 potions of flight
 m - 8 potions of haste {@q3}
 n - 2 potions of invisibility
 o - 3 potions of resistance
 r - 2 potions of lignification {!q}
 s - 11 potions of curing {@q1}
 H - 4 potions of attraction {!q}
 J - 3 potions of might
Miscellaneous
 Q - a tin of tremorstones (inert)
   (You found it on level 5 of the Lair of Beasts)
 Z - a condenser vane
   (You found it on level 4 of the Lair of Beasts)


   Skills:
 + Level 15.7 Fighting
 - Level 23.9(24.0) Axes
 - Level 3.6(16.2) Polearms
 + Level 18.8 Ranged Weapons
 + Level 6.4 Throwing
 + Level 8.2 Armour
 - Level 2.1 Dodging
 + Level 7.0 Evocations


You had 16 spell levels left.
You didn't know any spells.
Your spell library was empty.

Dungeon Overview and Level Annotations

Branches:
Dungeon (15/15)            Temple (0/1) D:7            Lair (5/5) D:10
 Shoals (0/4) Lair:3       Spider (0/4) Lair:2        Slime (0/5) Lair:4
    Orc (2/2) D:9             Elf (3/3) Orc:2        Vaults (0/5) D:13
 Depths (0/4) D:15        Volcano (visited)         Gauntlet (visited)

Altars:
Elyvilon
Fedhas
Gozag
Hepliaklqana
Makhleb
Okawaru
Qazlal
Sif Muna
Uskayaw
Vehumet
Yredelemnul
Zin
Jiyva

Shops:
D:11 [   D:13 *   D:15 *   Orc:1 !   Orc:2 (!(([((

Annotations:
Elf:2 3 runed translucent doors


Innate Abilities, Weirdness & Mutations

You have a pair of horns on your head.
You reflexively headbutt those who attack you in melee.
You possess an exceptional clarity of mind.
Your mind is acute. (Int +4, Str/Dex -1)
You passively map a small area around you.


Message History

Trog accepts your kill.
Trog appreciates your killing of a magic user.
Your Evocations skill increases to level 7!
The deep elf zephyrmancer hits you but does no damage.
The deep elf archer hits you with a +1 short sword of venom!
* * * LOW HITPOINT WARNING * * *
You are poisoned.
You miss the deep elf archer.
You headbutt the deep elf archer, but do no damage.
You barely miss the deep elf zephyrmancer.
You closely miss the deep elf zephyrmancer.
You feel very sick.
The deep elf zephyrmancer hits you but does no damage.
The deep elf archer hits you with a +1 short sword of venom!
* * * LOW HITPOINT WARNING * * *
You are more poisoned.
The deep elf zephyrmancer mumbles some strange words.
The deep elf zephyrmancer blinks!
You barely miss the deep elf archer.
Your headbutt misses the deep elf archer.
You slice the deep elf zephyrmancer!! You burn the deep elf zephyrmancer!
You kill the deep elf zephyrmancer!
Trog accepts your kill.
Trog appreciates your killing of a magic user.
You feel very sick.
Your condenser vane has recharged.
You slash the deep elf archer! You burn the deep elf archer.
You headbutt the deep elf archer.
You feel very sick. You block the deep elf archer's attack.
You slice the deep elf archer!! You burn the deep elf archer.
You feel very sick.
The deep elf archer casts a spell.
The deep elf archer blinks!
You cut the deep elf zephyrmancer into ribbons!!!
You burn the deep elf zephyrmancer!
You kill the deep elf zephyrmancer!
Trog accepts your kill.
Trog appreciates your killing of a magic user.
Your skin stops crawling.
You feel less strong-willed.
You feel very sick.
You feel very sick.
The deep elf archer unwields a +1 short sword of venom.
It stops dripping with poison.
The deep elf archer wields a +0 shortbow.
The deep elf archer shoots an arrow.
The arrow hits you!!
* * * LOW HITPOINT WARNING * * *
Items here: )) [[ †.
You feel better.
The deep elf archer shoots an arrow.
The arrow hits you!!
You die...

...# #....###
##....#,* , .###
#..### ###.....# *
, ## ####
#......#..#
##'....# ##
########.#....#
##....##....####*
###..).....###...#
#....§#)###....###
....).#.@....####
* , ......#))..e##
....)#)...#...# ,,
** *
...)....##..#.# *
, .......#. .+. ..
, , 8...... . .#*#
# , * ...... . .#
...... .. * ,


You could see a deep elf archer (repels missiles).

Vanquished Creatures
  Rupert (D:13)
  A storm dragon (Elf:1)
  An iron dragon (Elf:1)
  A frost giant (D:14)
  2 deep elf sorcerers
  2 deep elf elementalists
  A stone giant (D:14)
  A quicksilver ooze (Gauntlet)
  2 deep elf demonologists (Elf:1)
  A minotaur (Gauntlet)
  The ghost of Zonian the Fighter, a journeyman DjIE of Hepliaklqana (Lair:3)
  An ettin (Orc:1)
  A deep elf death mage (Elf:2)
  Josephine (Lair:5)
  2 deep elf high priests (Elf:1)
  2 fire dragons (Elf:1)
  Erolcha (D:10)
  A vault guard (D:13)
  9 hydras
  Harold (Orc:1)
  An ogre mage (D:14)
  2 catoblepae
  Erica (D:8)
  A death knight (D:15)
  12 dancing weapons
  5 two-headed ogres
  6 boulder beetles
  6 orc high priests (Orc:2)
  7 centaur warriors
  2 tengu warriors (D:14)
  The ghost of Muataran the Fighter, a novice OgBe of Trog (D:6)
  14 deep elf knights
  Urug (D:10)
  2 skeletal warriors (D:15)
  9 deep elf archers
  2 lindwurms
  An oklob plant (Lair:4)
  2 wizards (D:13)
  17 deep elf zephyrmancers
  10 orc knights
  A necromancer (D:13)
  A phantasmal warrior (D:15)
  8 deep elf pyromancers
  2 wolf spiders (D:15)
  14 cyclopes
  8 ugly things
  2 orc sorcerers (Orc:1)
  A manticore (D:14)
  11 black mambas
  A merfolk siren (Lair:3)
  12 elephants
  A torpor snail (Lair:5)
  A molten gargoyle (Volcano)
  3 gargoyles
  15 cane toads
  8 komodo dragons
  2 efreet
  2 yaktaurs (D:13)
  A komodo dragon (shapeshifter) (D:15)
  2 unseen horrors
  A kobold demonologist (D:11)
  2 rime drakes (Lair:5)
  2 freezing wraiths
  8 trolls
  4 polar bears
  A merfolk (D:15)
  10 meliai
  3 tyrant leeches (Lair:5)
  A hornet (D:9)
  16 blink frogs
  13 slime creatures
  A snapping turtle (shapeshifter) (D:14)
  6 shadows
  2 culicivoras (Lair:2)
  3 wyverns
  2 vampires (D:10)
  2 air elementals (Elf:1)
  2 water elementals (Elf:1)
  6 wraiths
  70 yaks
  18 humans (D:13)
  5 fire elementals
  A steam dragon (D:11)
  6 basilisks
  A hog (shapeshifter) (D:14)
  A redback (D:14)
  13 vampire mosquitoes
  5 wargs
  A swamp worm (shapeshifter) (D:15)
  2 acid dragons
  A floating eye (shapeshifter) (Elf:2)
  10 water moccasins
  5 black bears
  38 orc warriors
  A black bear (shapeshifter) (D:15)
  8 ogres
  13 centaurs
  5 wolves (Lair:1)
  2 phantoms (D:4)
  2 earth elementals
  2 kobold brigands
  15 bullfrogs
  2 necrophages
  2 scorpions
  3 wights (D:8)
  10 killer bees
  7 howler monkeys
  2 electric eels (Lair:5)
  2 jellies
  3 hounds
  40 orc priests
  3 gnoll boudas
  Jessica (D:2)
  4 hell rats (Lair:5)
  4 iguanas
  33 orc wizards
  15 gnolls
  7 adders
  2 shadow imps
  A white imp (D:6)
  An ufetubus (D:6)
  4 worms
  2 dart slugs
  101 orcs
  3 ball pythons
  4 bats
  7 endoplasms
  2 giant cockroaches
  9 hobgoblins
  5 jackals
  8 quokkas
  7 frilled lizards
  10 goblins
  15 kobolds
  6 rats
  2 fungi (Elf:3)
868 creatures vanquished.

Vanquished Creatures (collateral kills)
  A culicivora (Lair:2)
1 creature vanquished.

Vanquished Creatures (others)
  24 demonic plants (Gauntlet)
  40 fungi
  93 plants
157 creatures vanquished.

Grand Total: 1026 creatures vanquished

Notes
Turn   | Place    | Note
-------+----------+-------------------------------------------
     0 | D:1      | Pooter the Minotaur Berserker began the quest for the Orb.
     0 | D:1      | Reached XP level 1. HP: 19/19 MP: 0/0
    61 | D:1      | Reached XP level 2. HP: 23/27 MP: 1/1
   100 | D:1      | Reached skill level 4 in Axes
   280 | D:1      | Found a faded altar of an unknown god.
   418 | D:1      | Reached XP level 3. HP: 34/34 MP: 2/2
   923 | D:1      | Reached skill level 5 in Fighting
   971 | D:2      | Reached ** piety under Trog
  1108 | D:2      | Reached XP level 4. HP: 10/42 MP: 3/3
  1109 | D:2      | HP: 2/63 [gnoll/+0 vorpal spear (2)]
  1316 | D:2      | Noticed Jessica
  1342 | D:2      | Killed Jessica
  1579 | D:2      | Reached XP level 5. HP: 44/50 MP: 4/4
  1582 | D:2      | Reached skill level 5 in Axes
  1760 | D:3      | Found a burning altar of Makhleb.
  1806 | D:3      | Found a shimmering blue altar of Sif Muna.
  2107 | D:3      | Found a blossoming altar of Fedhas.
  2151 | D:3      | Identified the +3 scale mail of the Tanner {Will+}
  2624 | D:4      | Noticed a phantom
  2631 | D:4      | Killed a phantom
  2632 | D:4      | Reached skill level 1 in Polearms
  2632 | D:4      | Reached skill level 1 in Ranged Weapons
  2697 | D:4      | Reached XP level 6. HP: 58/58 MP: 5/5
  2704 | D:4      | Identified the +5 robe "Sick" {rC++}
  3158 | D:4      | Reached XP level 7. HP: 66/66 MP: 6/6
  3232 | D:5      | Entered Level 5 of the Dungeon
  3284 | D:5      | You are sucked into a shaft and drop 2 floors!
  3608 | D:6      | Reached skill level 6 in Axes
  3613 | D:6      | Noticed a wyvern
  3619 | D:6      | Killed a wyvern
  3676 | D:6      | Found a runed translucent door.
  3686 | D:6      | Reached XP level 8. HP: 49/74 MP: 7/7
  3720 | D:6      | Noticed Muataran's ghost (novice OgBe)
  3900 | D:6      | Killed Muataran's ghost
  3901 | D:6      | Reached skill level 8 in Axes
  4218 | D:5      | Reached XP level 9. HP: 74/82 MP: 8/8
  4354 | D:5      | Reached skill level 9 in Axes
  5292 | D:6      | Found a radiant altar of Vehumet.
  5292 | D:6      | Found a basalt altar of Yredelemnul.
  5431 | D:7      | Found a staircase to the Ecumenical Temple.
  5576 | D:8      | Found a hide-covered altar of Uskayaw.
  5576 | D:8      | Found a glowing silver altar of Zin.
  5576 | D:8      | Found a white marble altar of Elyvilon.
  5576 | D:8      | Found an opulent altar of Gozag.
  5577 | D:8      | Found a hazy altar of Hepliaklqana.
  5611 | D:8      | Found an opulent altar of Gozag.
  5617 | D:8      | Found an opulent altar of Gozag.
  5617 | D:8      | Noticed a two-headed ogre
  5637 | D:7      | Killed a two-headed ogre
  5638 | D:7      | Reached skill level 10 in Axes
  5919 | D:8      | Found a stormy altar of Qazlal.
  6444 | D:8      | Found an opulent altar of Gozag.
  6495 | D:8      | Noticed Erica
  6538 | D:8      | Killed Erica
  6539 | D:8      | Reached XP level 10. HP: 93/93 MP: 9/9
  6551 | D:8      | Noticed a two-headed ogre
  6565 | D:8      | Killed a two-headed ogre
  6566 | D:8      | Reached skill level 10 in Fighting
  6566 | D:8      | Reached skill level 11 in Axes
  6898 | D:8      | Reached *** piety under Trog
  6999 | D:8      | Found an iron altar of Okawaru.
  7081 | D:8      | Upgraded the game from 0.30-a0-341-g682706514a to
                  | 0.30-a0-347-gf58ed5266c
  7315 | D:9      | Reached skill level 10 in Ranged Weapons
  7326 | D:9      | Reached skill level 12 in Axes
  7645 | D:9      | Noticed a two-headed ogre
  7654 | D:9      | Killed a two-headed ogre
  7693 | D:9      | Found a staircase to the Orcish Mines.
  7867 | D:9      | Identified the +2 ring mail of Simpel {rN+++ Str-3 Int+4}
  7982 | Orc:1    | Entered Level 1 of the Orcish Mines
  7982 | Orc:1    | Noticed an orc sorcerer
  7987 | Orc:1    | Noticed a sun demon
  8177 | Orc:1    | Killed an orc sorcerer
  8178 | Orc:1    | Reached XP level 11. HP: 101/101 MP: 10/10
  8187 | Orc:1    | Noticed an orc sorcerer
  8239 | Orc:1    | Killed an orc sorcerer
  8250 | Orc:1    | Reached skill level 13 in Axes
  8258 | Orc:1    | Noticed an ettin
  8298 | Orc:1    | Killed an ettin
  8698 | Orc:1    | Found Fieproicynn's Distillery.
  8706 | Orc:1    | Bought a potion of resistance for 130 gold pieces
  8706 | Orc:1    | Bought a potion of resistance for 130 gold pieces
  8819 | Orc:1    | Noticed Harold
  8830 | Orc:1    | Killed Harold
  9012 | Orc:2    | Entered Level 2 of the Orcish Mines
  9179 | Orc:2    | Found a staircase to the Elven Halls.
  9180 | Orc:2    | Found Ronaf's Distillery.
  9188 | Orc:2    | Bought a potion of invisibility for 128 gold pieces
  9188 | Orc:2    | Bought a potion of might for 64 gold pieces
  9188 | Orc:2    | Bought a potion of attraction for 48 gold pieces
  9188 | Orc:2    | Bought a potion of lignification for 48 gold pieces
  9188 | Orc:2    | Bought a potion of might for 64 gold pieces
  9199 | Orc:2    | Found Xahisouq's Antique Weapon Shoppe.
  9207 | Orc:2    | Bought a hand crossbow for 112 gold pieces
  9270 | Orc:2    | Reached **** piety under Trog
  9359 | Orc:2    | Found Ymudghegh's Weapon Emporium.
  9776 | Orc:2    | Noticed an orc knight
  9779 | Orc:2    | Noticed an orc high priest
  9785 | Orc:2    | Killed an orc knight
  9790 | Orc:2    | Noticed a soul eater
  9795 | Orc:1    | Reached skill level 14 in Axes
  9855 | Orc:2    | Killed an orc high priest
 12339 | Orc:2    | Noticed an orc knight
 12340 | Orc:2    | Noticed an orc knight
 12356 | Orc:2    | Killed an orc knight
 12377 | Orc:2    | Killed an orc knight
 12378 | Orc:2    | Reached XP level 12. HP: 83/112 MP: 11/11
 12426 | Orc:2    | Noticed an orc high priest
 12435 | Orc:2    | Killed an orc high priest
 13249 | Orc:2    | Noticed an orc high priest
 13249 | Orc:2    | Noticed an orc high priest
 13250 | Orc:2    | Noticed an orc high priest
 13254 | Orc:2    | Noticed an orc high priest
 13262 | Orc:2    | Reached skill level 15 in Axes
 13262 | Orc:2    | Killed an orc high priest
 13771 | Orc:2    | Killed an orc high priest
 14953 | Orc:2    | Gained mutation: You occasionally shout uncontrollably at
                  | your foes. [a neqoxec]
 16275 | Orc:2    | Killed an orc high priest
 16286 | Orc:2    | Killed an orc high priest
 16787 | Orc:2    | Found Acoon's Weapon Emporium.
 16790 | Orc:2    | Found Makhlargh's Weapon Emporium.
 16791 | Orc:2    | Found Bedoq's Antique Weapon Emporium.
 16792 | Orc:2    | Found Raipilut's Armour Shoppe.
 16883 | D:10     | Entered Level 10 of the Dungeon
 16964 | D:10     | Noticed a centaur warrior
 16977 | D:10     | Killed a centaur warrior
 17460 | D:10     | Noticed Urug
 17468 | D:10     | Killed Urug
 17686 | D:10     | Reached skill level 16 in Axes
 17756 | D:10     | Noticed Erolcha
 17774 | D:10     | Killed Erolcha
 17889 | D:10     | Found a staircase to the Lair.
 18207 | Lair:1   | Entered Level 1 of the Lair of Beasts
 18541 | Lair:1   | Reached skill level 1 in Evocations
 18761 | Lair:1   | Reached XP level 13. HP: 101/122 MP: 12/12
 19536 | Lair:2   | Found a dark tunnel.
 19549 | Volcano  | Entered a volcano
 19874 | Lair:2   | Found a hole to the Spider Nest.
 19958 | Lair:2   | Reached skill level 15 in Ranged Weapons
 20361 | Lair:2   | Reached skill level 17 in Axes
 21386 | Lair:3   | Noticed Zonian's ghost (journeyman DjIE)
 22052 | Lair:3   | Reached skill level 18 in Axes
 22391 | Lair:3   | Found a runed translucent door.
 22443 | Lair:3   | Found a staircase to the Shoals.
 22738 | Lair:3   | Killed Zonian's ghost
 22896 | Lair:3   | Lost mutation: You occasionally shout uncontrollably at
                  | your foes. [potion of mutation]
 22896 | Lair:3   | Gained mutation: You are dopey. (Int -2) [potion of
                  | mutation]
 22896 | Lair:3   | Gained mutation: Your magical capacity is low. (-10% MP)
                  | [potion of mutation]
 22896 | Lair:3   | Gained mutation: Your flesh is heat resistant. (rF+)
                  | [potion of mutation]
 22897 | Lair:3   | Lost mutation: You are dopey. (Int -2) [potion of mutation]
 22897 | Lair:3   | Lost mutation: Your magical capacity is low. (-10% MP)
                  | [potion of mutation]
 22897 | Lair:3   | Lost mutation: Your flesh is heat resistant. (rF+) [potion
                  | of mutation]
 22897 | Lair:3   | Gained mutation: You have large cloven feet. [potion of
                  | mutation]
 22897 | Lair:3   | Gained mutation: Your magical capacity is low. (-10% MP)
                  | [potion of mutation]
 22897 | Lair:3   | Gained mutation: Your body sometimes deteriorates upon
                  | taking damage. [potion of mutation]
 22897 | Lair:3   | Gained mutation: Your muscles are strong. (Str +4, Int/Dex
                  | -1) [potion of mutation]
 22898 | Lair:3   | Lost mutation: Your magical capacity is low. (-10% MP)
                  | [potion of mutation]
 22898 | Lair:3   | Lost mutation: Your body sometimes deteriorates upon taking
                  | damage. [potion of mutation]
 22898 | Lair:3   | Lost mutation: Your muscles are strong. (Str +4, Int/Dex
                  | -1) [potion of mutation]
 22898 | Lair:3   | Gained mutation: You are weak. (Str -2) [potion of
                  | mutation]
 22898 | Lair:3   | Gained mutation: You do not regenerate when monsters are
                  | visible. [potion of mutation]
 22899 | Lair:3   | Lost mutation: You are weak. (Str -2) [potion of mutation]
 22899 | Lair:3   | Lost mutation: You do not regenerate when monsters are
                  | visible. [potion of mutation]
 22899 | Lair:3   | Gained mutation: You have hidden genetic defects. [potion
                  | of mutation]
 22899 | Lair:3   | Gained mutation: You are weak. (Str -2) [potion of
                  | mutation]
 22900 | Lair:3   | Lost mutation: You have hidden genetic defects. [potion of
                  | mutation]
 22900 | Lair:3   | Lost mutation: You have large cloven feet. [potion of
                  | mutation]
 22900 | Lair:3   | Gained mutation: You are vulnerable to cold. (rC-) [potion
                  | of mutation]
 22900 | Lair:3   | Lost mutation: You are weak. (Str -2) [potion of mutation]
 22900 | Lair:3   | Gained mutation: You are agile. (Dex +4, Str/Int -1)
                  | [potion of mutation]
 22901 | Lair:3   | Lost mutation: You are vulnerable to cold. (rC-) [potion of
                  | mutation]
 22901 | Lair:3   | Lost mutation: You are agile. (Dex +4, Str/Int -1) [potion
                  | of mutation]
 22901 | Lair:3   | Gained mutation: You sometimes lose your temper in combat.
                  | [potion of mutation]
 22901 | Lair:3   | Gained mutation: You have supernaturally acute eyesight.
                  | (SInv) [potion of mutation]
 23454 | Lair:4   | Reached XP level 14. HP: 130/130 MP: 13/13
 23459 | Lair:4   | Found a staircase to the Slime Pits.
 23460 | Lair:4   | Found a viscous altar of Jiyva.
 23945 | Lair:5   | Entered Level 5 of the Lair of Beasts
 23952 | Lair:5   | Reached skill level 19 in Axes
 24501 | Lair:5   | Reached ***** piety under Trog
 24647 | Lair:5   | Reached skill level 20 in Axes
 25292 | Lair:5   | Noticed Josephine
 25304 | Lair:5   | Killed Josephine
 25305 | Lair:5   | Reached skill level 21 in Axes
 26519 | D:11     | Found a gate leading to a gauntlet.
 26786 | D:11     | Received a gift from Trog
 26787 | D:11     | Reached skill level 22 in Axes
 26816 | Gauntlet | Entered a Gauntlet
 26816 | Gauntlet | Found a transporter.
 26816 | Gauntlet | Found a transporter.
 26858 | Gauntlet | Found a transporter.
 26866 | Gauntlet | Found a transporter.
 26889 | Gauntlet | Noticed a quicksilver ooze
 26916 | Gauntlet | Killed a quicksilver ooze
 27004 | Gauntlet | Found a transporter.
 27004 | Gauntlet | Found the +2 cloak of the Thief {*Fog Slay-2 SInv Stlth+}
 27005 | Gauntlet | Found a transporter.
 27007 | Gauntlet | Found a large runed translucent door.
 27007 | Gauntlet | Found a large runed translucent door.
 27008 | Gauntlet | Found a large runed translucent door.
 27008 | Gauntlet | Found a large runed translucent door.
 27014 | Gauntlet | Found a runed translucent door.
 27014 | Gauntlet | Found a runed translucent door.
 27014 | Gauntlet | Found a large runed translucent door.
 27014 | Gauntlet | Found a large runed translucent door.
 27014 | Gauntlet | Found a large runed translucent door.
 27014 | Gauntlet | Found a large runed translucent door.
 27014 | Gauntlet | Found a large runed translucent door.
 27014 | Gauntlet | Found a large runed translucent door.
 27015 | Gauntlet | Found a large runed translucent door.
 27015 | Gauntlet | Found a large runed translucent door.
 27016 | Gauntlet | Found a large runed translucent door.
 27016 | Gauntlet | Found a large runed translucent door.
 27016 | Gauntlet | Found a large runed translucent door.
 27016 | Gauntlet | Found a large runed translucent door.
 27017 | Gauntlet | Found a runed translucent gate.
 27017 | Gauntlet | Found a runed translucent gate.
 27017 | Gauntlet | Found a runed translucent gate.
 27018 | Gauntlet | Found a transporter.
 27039 | Gauntlet | Identified the ring "Jiedgh" {rElec Str+7 SInv Stlth-}
 27055 | Gauntlet | Found a transporter.
 27557 | D:11     | Reached XP level 15. HP: 100/137 MP: 14/14
 27750 | D:11     | Found Riakut's Superior Scales.
 28383 | D:11     | Lost mutation: You sometimes lose your temper in combat.
                  | [potion of mutation]
 28383 | D:11     | Lost mutation: You have supernaturally acute eyesight.
                  | (SInv) [potion of mutation]
 28383 | D:11     | Gained mutation: You occasionally lose the ability to read
                  | scrolls when taking damage. [potion of mutation]
 28383 | D:11     | Gained mutation: You are robust. (+10% HP) [potion of
                  | mutation]
 28383 | D:11     | Gained mutation: Your mind is acute. (Int +4, Str/Dex -1)
                  | [potion of mutation]
 28383 | D:11     | Gained mutation: You possess an exceptional clarity of
                  | mind. [potion of mutation]
 28694 | D:12     | Reached skill level 1 in Throwing
 29536 | D:13     | Found Fyerph's Assorted Antiques.
 30169 | D:13     | Noticed Rupert
 30176 | D:13     | Killed Rupert
 30514 | D:13     | Identified the +9 mace of Wioddov {holy, rN+ Will+ Dex+5}
 30650 | D:13     | Received a gift from Trog
 30674 | D:13     | Found a gate to the Vaults.
 31276 | D:14     | Reached skill level 23 in Axes
 31570 | D:14     | Identified the ring of Uguprigh {rN+ rCorr Int+4}
 31614 | D:14     | Identified the ring of Hekleont {Ice Will+++ rCorr Dex-4
                  | Stlth-}
 31626 | D:14     | Identified the ring of Tomuebb {rC+ Dex+5}
 31631 | D:14     | Identified the ring "Eguseh" {AC+4 Str+3}
 31642 | D:14     | Found a runed translucent door.
 31644 | D:14     | Noticed a frost giant
 31644 | D:14     | Found a runed translucent door.
 31644 | D:14     | Found a runed translucent door.
 31858 | D:14     | Reached skill level 5 in Armour
 31877 | D:14     | Found a gateway to a bazaar.
 31886 | Bazaar   | Entered a bazaar
 31886 | Bazaar   | Found Cykh's Weapon Emporium.
 31918 | Bazaar   | Found Nusif's Weapon Boutique.
 31920 | Bazaar   | Found Detikhlo's Jewellery Boutique.
 31924 | Bazaar   | Bought the +0 arbalest of Growth {penet, rF+} for 327 gold
                  | pieces
 31951 | Bazaar   | Found Uqeffof's Distillery.
 31959 | Bazaar   | Bought a potion of might for 64 gold pieces
 31959 | Bazaar   | Bought a potion of flight for 48 gold pieces
 31959 | Bazaar   | Bought a potion of resistance for 160 gold pieces
 31959 | Bazaar   | Bought a potion of resistance for 160 gold pieces
 31959 | Bazaar   | Found Bonly's Assorted Antiques.
 31967 | Bazaar   | Bought a pair of runed gloves for 232 gold pieces
 32157 | D:14     | Killed a frost giant
 32158 | D:14     | Reached skill level 5 in Evocations
 32271 | D:15     | Entered Level 15 of the Dungeon
 32658 | D:15     | Reached XP level 16. HP: 108/161 MP: 15/15
 33430 | D:15     | Identified the +0 helmet of the Equator {Rampage Str+4}
 33468 | D:15     | Identified the +3 plate armour of the Marlin {-Cast Str+6}
 33513 | D:15     | Received a gift from Trog
 33514 | D:15     | Found a staircase to the Depths.
 33694 | D:15     | Found a radiant altar of Vehumet.
 33696 | D:15     | Found Ahicu's Overcharged Wands.
 33896 | D:15     | Identified the amulet of Ephemeral Luck {Acrobat Fly rCorr
                  | Str+7 Dex-5}
 34123 | Elf:1    | Entered Level 1 of the Elven Halls
 34554 | Elf:1    | Identified the +9 war axe "Mewuuh" {vorpal, Int+2 Stlth+}
 34587 | Elf:1    | Paralysed by an air elemental for 1 turns
 34913 | Elf:1    | Reached skill level 15 in Fighting
 35016 | Elf:1    | Paralysed by an air elemental for 1 turns
 35020 | Elf:1    | Paralysed by an air elemental for 1 turns
 35216 | Elf:1    | Reached skill level 5 in Throwing
 36269 | Elf:1    | Found a runed translucent gate.
 36269 | Elf:1    | Found a runed translucent gate.
 36269 | Elf:1    | Found a runed translucent gate.
 36269 | Elf:1    | Found a runed translucent gate.
 36269 | Elf:1    | Found a runed translucent gate.
 36270 | Elf:1    | Found a runed translucent gate.
 36271 | Elf:1    | Noticed a storm dragon
 36851 | Elf:1    | Killed a storm dragon
 37198 | Elf:2    | Paralysed by a floating eye for 3 turns
 37531 | Elf:2    | Found a runed translucent gate.
 37531 | Elf:2    | Found a runed translucent gate.
 37531 | Elf:2    | Found a runed translucent gate.
 37907 | Elf:1    | Lost mutation: You occasionally lose the ability to read
                  | scrolls when taking damage. [potion of mutation]
 37907 | Elf:1    | Lost mutation: You are robust. (+10% HP) [potion of
                  | mutation]
 37907 | Elf:1    | Gained mutation: You passively map a small area around you.
                  | [potion of mutation]
 37907 | Elf:1    | Gained mutation: You are frail. (-10% HP) [potion of
                  | mutation]
 37907 | Elf:1    | Lost mutation: You are frail. (-10% HP) [potion of
                  | mutation]
 38131 | Elf:3    | Entered Level 3 of the Elven Halls
 38340 | Elf:3    | Reached XP level 17. HP: 96/157 MP: 16/16
 38351 | Elf:3    | Shot with an arrow by a deep elf archer

Illustrated notes

Levels and vault maps discovered:
D:1:      giann_horns, layout_basic, ebering_ecumenical_altar_sacrificial
D:2:      layout_basic, serial_rivers, chequers_serial_rivers_micro_e,
          chequers_serial_rivers_micro_c, chequers_serial_rivers_micro_e,
          chequers_serial_rivers_small_b, chequers_serial_rivers_room_b,
          uniq_jessica
D:3:      layout_basic, fedhas_altar_2, lightli_temple_of_fire,
          old_standard_altar, grunt_decor_resistance, palyth_stone_intersect,
          minivault_26, corexii_hall_statues_deadend, minmay_distorted
D:4:      layout_rooms
D:5:      layout_basic
D:6:      layout_cave_pools, gammafunk_temple_overflow_pools,
          ebering_ghost_reflecting_pool
D:7:      layout_rooms, minmay_temple_entry_fiery
D:8:      layout_basic, nicolae_qazlal_general_emergency,
          chequers_temple_overflow_statue_of_worship,
          nicolae_gozag_conspicuous_consumption, okawaru_trees_1, uniq_erica
D:9:      layout_roguey, david_orc_2
D:10:     nicolae_cairo_tiling_large_dashed, layout_loops_corners,
          dpeg_oklobed_lair, uniq_erolcha, uniq_urug
D:11:     cheibrodos_fzero, layout_long_grid, gauntlet_entry_generic,
          hellmonk_scale_shop
D:12:     layout_cave_pods
D:13:     layout_rooms, grunt_vaults_entry_tiered, serial_shops, shop,
          uniq_rupert
D:14:     minmay_the_grid_triangle_9x9_recursive_2
          [minmay_the_grid_triangle_9x9_prize_special,
          minmay_the_grid_triangle_9x9_fully_insulated_deathbox,
          minmay_the_grid_triangle_9x9_checkered,
          minmay_the_grid_triangle_9x9_pentomino_pain], layout_basic,
          serial_shops, bzr_firewalk, nicolae_sextant
D:15:     hangedman_depths_entry_try_elsewhere_first, layout_irregular_city,
          nicolae_vehumet_altar_sigil, nicolae_shop_overcharged_wands
Lair:1:   layout_roguey, grunt_megastairs_5, serial_bayou_shore_b
Lair:2:   layout_regular_city, hellmonk_spider_entry_life_and_decay,
          nicolae_volcano_entry_vermiform, infiniplex_staircase_pool_2,
          grunt_megastairs_4
Lair:3:   layout_regular_city, minmay_shoals_entry_lonely_mermaid,
          hellmonk_ghost_happy_afterlife, grunt_megastairs_2
Lair:4:   layout_loops_ring, slime_entry_1
Lair:5:   minmay_lair_end_frog_pond, layout_cave_pods, serial_bayou_shore_b,
          uniq_josephine
Orc:1:    layout_caves, serial_shops, shop, uniq_harold
Orc:2:    st_orc_pillars, layout_caves, serial_shops, shop, shop, shop,
          basic_altar, hellmonk_bongcloud_opening, minmay_orc_temple_c
Elf:1:    eino_elf_arrival_shootout, layout_rooms, orc_legates, st_stairs_13,
          drop_trap
Elf:2:    elven_hall_of_blades_hangedman_original
          [nicolae_blade_entry_hurt_lockers], layout_rooms
Elf:3:    elf_hall, layout_geoelf_octagon, serial_sigils,
          serial_sigils_hangedman_snap, serial_sigils_hangedman_scar,
          serial_sigils_hangedman_stare, serial_sigils_hangedman_gut,
          serial_shops, shop_statue, st_stairs_8, hangedman_summoners_spam

Skill      XL: |  1  2  3  4  5  6  7  8  9 10 11 12 13 14 15 16 17 |
---------------+----------------------------------------------------+-----
Fighting       | 4 5 6 7 8 9 10 12 13 14 15 | 15.7
Axes           | 4 5 6 8 10 12 14 16 18 22 23 | 23.9
Polearms       | 1 3 |  3.6
Ranged Weapons | 1 2 4 6 9 10 12 14 15 17 18 | 18.8
Evocations     | 1 3 5 6 7 |  7.0
Throwing       | 3 6 |  6.4
Armour         | 5 8 |  8.2
Dodging        | |  2.1

Action                   |  1- 3 |  4- 6 |  7- 9 | 10-12 | 13-15 | 16-18 || total
-------------------------+-------+-------+-------+-------+-------+-------++-------
Melee: Hand axe          |    78 |     2 |       |       |       |       ||    80
       Headbutt          |    15 |    13 |    25 |    81 |   152 |    62 ||   348
       Spear             |       |    11 |       |       |       |       ||    11
       Quarterstaff      |       |    30 |       |       |       |       ||    30
       Trident           |       |    74 |    36 |       |       |       ||   110
       Punch             |       |     1 |     1 |       |       |       ||     2
       War axe           |       |       |   117 |       |       |       ||   117
       Battleaxe         |       |       |    28 |   397 |    54 |       ||   479
       Executioner's axe |       |       |       |       |   606 |   215 ||   821
       Mace              |       |       |       |       |       |    16 ||    16
 Fire: Sling             |       |    20 |    81 |     2 |       |       ||   103
       Hand crossbow     |       |       |       |   171 |   175 |       ||   346
       Arbalest          |       |       |       |    26 |    19 |   180 ||   225
Throw: Dart              |     2 |     4 |    15 |    22 |    11 |       ||    54
       Boomerang         |       |       |       |       |    15 |       ||    15
Invok: Berserk           |     1 |     2 |     9 |    18 |    12 |     3 ||    45
       Trog's Hand       |       |     3 |     7 |    19 |    25 |    15 ||    69
Evoke: Wand              |       |       |     3 |     5 |     3 |     2 ||    13
       Tin of tremorston |       |       |       |       |     3 |     3 ||     6
       Condenser vane    |       |       |       |       |     1 |     1 ||     2
  Use: Scroll            |     4 |     2 |     6 |    11 |    18 |     3 ||    44
       Potion            |       |       |       |     2 |    13 |     3 ||    18
 Stab: Invisible         |       |       |       |     7 |       |       ||     7
Armor: Animal skin       |    12 |       |       |       |       |       ||    12
       Robe              |       |    14 |       |       |       |       ||    14
       Scale mail        |       |    33 |    90 |   118 |       |       ||   241
       Plate armour      |       |       |       |   170 |   451 |   103 ||   724
       Ring mail         |       |       |       |       |       |     2 ||     2
Dodge: Dodged            |    54 |    48 |    61 |   178 |   202 |    69 ||   612
       Repelled          |       |       |       |       |       |     5 ||     5
Block: Other             |       |     4 |    36 |    94 |   163 |    35 ||   332
       Reflection        |       |     1 |     1 |     2 |    18 |    12 ||    34

Table legend: (Time is in decaauts)
 A = Elapsed time spent in this place.
 B = Non-inter-level travel time spent in this place.
 C = Inter-level travel time spent in this place.
 D = Time resting spent in this place.
 E = Time spent auto-exploring this place.
 F = Levels seen in this place.
 G = Mean time per level.
                   A        B        C        D        E       F      G
               +--------+--------+--------+--------+--------+-----+--------+
         Total |  38941 |  37721 |   1220 |  15983 |  15223 |  28 | 1390.8 |
       Dungeon |  16932 |  16196 |    736 |   4394 |   8668 |  15 | 1128.8 |
          Lair |   8144 |   7995 |    149 |   2266 |   4522 |   5 | 1628.8 |
  Orcish Mines |   8813 |   8643 |    170 |   6834 |    721 |   2 | 4406.5 |
   Elven Halls |   4227 |   4063 |    164 |   2313 |   1084 |   3 | 1409.0 |
        Bazaar |    104 |    104 |      0 |      0 |     75 |   1 |  104.0 |
       Volcano |    286 |    286 |      0 |      0 |     64 |   1 |  286.0 |
      Gauntlet |    432 |    432 |      0 |    175 |     88 |   1 |  432.0 |
               +--------+--------+--------+--------+--------+-----+--------+

Top non-repeatable levels by time:
   Orc:2: 7397 daAuts
   Elf:1: 3005 daAuts
  Lair:5: 2214 daAuts
    D:14: 1733 daAuts
  Lair:2: 1675 daAuts
  Lair:3: 1577 daAuts
    D:10: 1485 daAuts
     D:8: 1479 daAuts
   Orc:1: 1415 daAuts
    D:13: 1392 daAuts
  Lair:4: 1388 daAuts
     D:9: 1386 daAuts
    D:15: 1335 daAuts
  Lair:1: 1289 daAuts
    D:11: 1196 daAuts
